 Dungeon Crawl Stone Soup version 0.25-a0-781-gc44aebf4fe (webtiles) character file.

Game seed: 11626479958731857120, levelgen mode: deterministic

8577 15rune the Carver (level 11, -6/79 HPs)
             Began as a Formicid Fighter on Apr 15, 2020.
             Was a High Priest of Okawaru.
             Mangled by a large slime creature (13 damage)
             ... on level 15 of the Dungeon on Apr 16, 2020.
             The game lasted 00:28:53 (13449 turns).

15rune the Carver (Formicid Fighter)               Turns: 13449, Time: 00:28:54

Health: -6/79      AC: 13    Str: 24    XL:     11   Next: 58%
Magic:  18/18      EV:  6    Int:  8    God:    Okawaru [*****.]
Gold:   660        SH: 12    Dex: 10    Spells: 10/10 levels left

rFire    + . .     SeeInvis +   b - +0 falchion (vorpal)
rCold    . . .     Gourm    .   c - +0 kite shield
rNeg     + . .     Faith    .   a - +0 plate armour
rPois    .         Spirit   .   (helmet unavailable)
rElec    .         Reflect  .   F - +0 cloak
rCorr    .         Harm     .   (no gloves)
MR       +....                  (no boots)
Stlth    ..........             (no amulet)
HPRegen  0.23/turn              w - ring of positive energy
MPRegen  0.16/turn              q - ring of protection from fire

@: no status effects
A: permanent stasis, dig shafts and tunnels, four strong arms, antennae 3
a: Dig, Shaft Self, Heroism, Finesse, Renounce Religion


You were on level 15 of the Dungeon.
You worshipped Okawaru.
Okawaru was extremely pleased with you.
You were not hungry.

You visited 3 branches of the dungeon, and saw 16 of its levels.
You also visited: Sewer.

You collected 660 gold pieces.

Inventory:

Hand Weapons
 b - a +0 vorpal falchion (weapon)
Armour
 a - a +0 plate armour (worn)
 c - a +0 kite shield (worn)
 F - a +0 cloak (worn)
Jewellery
 g - an uncursed ring of ice
 q - a ring of protection from fire (right hand)
 u - an uncursed ring of resist corrosion
 w - a ring of positive energy (left hand)
 L - the ring of the Death Scarab {*Tele rF+ Str-4 Int+4}
   (You found it on level 10 of the Dungeon)

   [ring of teleportation]

   It may teleport you next to monsters.
   It affects your strength (-4).
   It affects your intelligence (+4).
   It protects you from fire.
Wands
 t - a wand of flame (7)
 v - a wand of disintegration (12)
 J - a wand of enslavement (11)
Scrolls
 h - a scroll of enchant armour
 i - 7 scrolls of identify
 j - 4 scrolls of remove curse
 n - 2 scrolls of enchant weapon
 p - 2 scrolls of amnesia
 r - a scroll of random uselessness {unknown}
 y - a scroll of immolation {unknown}
 C - a scroll of noise {unknown}
 D - a scroll of brand weapon {unknown}
 E - a scroll of acquirement {unknown}
 G - 2 scrolls of holy word
 H - a scroll of magic mapping {unknown}
Potions
 d - a potion of might
 k - 4 potions of lignification
 l - a potion of flight
 m - 2 potions of brilliance
 s - a potion of berserk rage {unknown}
 x - a potion of curing
 z - 4 potions of stabbing
 A - a potion of ambrosia {unknown}
 K - a potion of cancellation
Miscellaneous
 M - a tin of tremorstones
Comestibles
 f - 21 rations


   Skills:
 - Level 5.0 Fighting
 + Level 11.9 Long Blades
 - Level 5.0 Armour
 - Level 10.2 Shields
 - Level 10.0 Invocations


You had 10 spell levels left.
You didn't know any spells.
Your spell library contained the following spells:

 Spells                   Type           Power        Failure   Level  Hunger
 Confusing Touch          Hex            #.......     100%        3    ####...
 Gell's Gravitas          Tloc           #.........   100%        3    ####...
 Petrify                  Tmut/Erth      #.......     100%        4    #####..
 Bolt of Magma            Conj/Fire/Erth #.........   100%        5    ######.
 Iskenderun's Battlesphe  Conj/Chrm      #.......     100%        5    ######.
 Metabolic Englaciation   Hex/Ice        #.........   100%        5    ######.
 Yara's Violent Unravell  Hex/Tmut       #.........   100%        5    ######.
 Iron Shot                Conj/Erth      #.........   100%        6    #######
 Orb of Destruction       Conj           #.........   100%        7    #######
 Spellforged Servitor     Conj/Summ      #.........   100%        7    #######


Dungeon Overview and Level Annotations

Branches:
Dungeon (13/15)            Temple (1/1) D:5            Lair (1/6) D:9
  Sewer (visited)
    Orc: D:9-12      Vaults: D:13-14

Altars:
Ashenzari
Cheibriados
Dithmenos
Elyvilon
Fedhas
Gozag
Hepliaklqana
Kikubaaqudgha
Makhleb
Nemelex Xobeh
Okawaru
Qazlal
Ru
Sif Muna
Trog
Uskayaw
Vehumet
Wu Jian
Xom
Yredelemnul
Zin
The Shining One

Shops:
D:5 [   D:7 :   D:9 (

Annotations:
D:13 1 exclusion


Innate Abilities, Weirdness & Mutations

You cannot be hasted, slowed, berserked, paralysed or teleported.
You can dig through walls and to a lower floor.
Your four strong arms can wield two-handed weapons with a shield.
You have a pair of large antennae on your head. (SInv)


Message History

You block the slime creature's attack.
Okay, then.
As you read the scroll of fear, it crumbles to dust.
You assume a fearsome visage.
The slime creature looks frightened! x3
The large slime creature looks frightened!
The slime creature looks frightened!
The rakshasa is unaffected.
The rakshasa hits you from afar with a +0 trident!
* * * LOW HITPOINT WARNING * * *
Cornered, the large slime creature turns to fight!
A blink frog, an ugly thing and 3 boggarts come into view.
The purple ugly thing gurgles horribly!
The blink frog gives a loud, deep croak!
The boggart shouts!
You hear a deafening roar!
The blink frog blinks!
The boggart mumbles some strange words.
The boggart flickers and vanishes for a moment.
A boggart comes into view.
The rakshasa hits you but does no damage.
The large slime creature hits you!
You die...

{ { ###### {
##.#RJ#{
#J...J##
##@##..#
#..###{.....Y+
#.J. ###....##
####u #..## gg
### g§ { g..
.##


You could see a purple ugly thing, a rakshasa, a large slime creature, 3 slime
creatures and 4 boggarts.

Vanquished Creatures
  Gastronok (D:8)
  Joseph (D:8)
  A gargoyle (D:10)
  A troll (D:10)
  Prince Ribbit (D:8)
  4 hippogriffs
  Sigmund (D:5)
  A shadow (D:13)
  A wyvern (D:10)
  2 hungry ghosts
  A steam dragon (D:7)
  An acid dragon (D:13)
  2 water moccasins
  A floating eye (D:10)
  A necrophage (D:9)
  2 ice beasts (D:13)
  An orc warrior (D:6)
  A phantom (D:7)
  A black bear (D:7)
  4 sky beasts
  3 ogres
  7 centaurs
  6 big kobolds
  3 bullfrogs
  A water moccasin zombie (D:8)
  A wyvern skeleton (D:10)
  A scorpion (D:9)
  5 killer bees
  2 howler monkeys
  4 crimson imps
  A quasit (D:6)
  4 hounds
  A jelly (D:10)
  Crazy Yiuf (D:3)
  2 orc priests
  3 orc wizards
  A bullfrog skeleton (D:6)
  Ijyb (D:4)
  An iguana (D:6)
  11 worker ants
  A howler monkey zombie (D:7)
  2 worker ant zombies (D:6)
  5 gnolls
  12 adders
  3 river rats (Sewer)
  4 oozes
  An adder zombie (D:7)
  An adder skeleton (D:7)
  4 worms
  2 dart slugs
  4 leopard geckos
  23 orcs
  3 giant cockroaches
  5 goblins
  6 hobgoblins
  3 jackals
  20 kobolds
  2 quokkas
  9 bats
  3 frilled lizards
  9 rats
210 creatures vanquished.

Notes
Turn   | Place    | Note
-------+----------+-------------------------------------------
     0 | D:1      | 15rune the Formicid Fighter began the quest for the Orb.
     0 | D:1      | Reached XP level 1. HP: 18/18 MP: 1/1
    91 | D:1      | Reached XP level 2. HP: 24/24 MP: 2/2
   500 | D:1      | Reached XP level 3. HP: 25/29 MP: 3/3
  1043 | D:2      | Reached XP level 4. HP: 37/37 MP: 4/4
  1408 | D:2      | Reached XP level 5. HP: 35/42 MP: 5/5
  1806 | D:2      | Found a glowing silver altar of Zin.
  1810 | D:2      | Found a burning altar of Makhleb.
  1815 | D:2      | Noticed a blizzard demon
  1815 | D:2      | Noticed an angel
  1837 | D:2      | Found an iron altar of Okawaru.
  1850 | D:2      | Reached skill level 3 in Long Blades
  1869 | D:2      | Became a worshipper of Warmaster Okawaru
  2825 | D:3      | Found a runed translucent door.
  2826 | D:3      | Noticed Crazy Yiuf
  2982 | D:3      | Killed Crazy Yiuf
  2982 | D:3      | Reached skill level 1 in Invocations
  2982 | D:3      | Reached XP level 6. HP: 38/49 MP: 2/6
  3080 | D:4      | Found a glowing drain.
  3091 | D:4      | Noticed Sigmund
  3094 | Sewer    | Entered a sewer
  3100 | Sewer    | Reached skill level 5 in Shields
  3115 | Sewer    | HP: 1/49 [river rat (8)]
  3750 | Sewer    | Found a white marble altar of Elyvilon.
  4232 | D:4      | Noticed Ijyb
  4246 | D:4      | Killed Ijyb
  4246 | D:4      | Reached XP level 7. HP: 37/55 MP: 8/8
  5078 | D:4      | Reached skill level 5 in Fighting
  5078 | D:4      | Reached skill level 5 in Armour
  5342 | D:5      | Entered Level 5 of the Dungeon
  5386 | D:5      | Killed Sigmund
  5386 | D:5      | Reached skill level 4 in Long Blades
  5488 | D:5      | Reached * piety under Okawaru
  5488 | D:5      | Reached XP level 8. HP: 42/62 MP: 10/10
  5531 | D:5      | Found a staircase to the Ecumenical Temple.
  5563 | Temple   | Entered the Ecumenical Temple
  6131 | D:5      | Found Mauj Xoo's Antique Armour Emporium.
  6145 | D:5      | Found a sparkling altar of Nemelex Xobeh.
  6393 | D:6      | Found a bloodstained altar of Trog.
  6395 | D:6      | Found an ornate altar of the Wu Jian Council.
  6396 | D:6      | You fall into a shaft and drop 3 floors!
  6482 | D:9      | Reached skill level 5 in Long Blades
  6701 | D:9      | Reached skill level 5 in Invocations
  6848 | D:8      | Noticed a hippogriff
  6874 | D:8      | Killed a hippogriff
  6874 | D:8      | Reached ** piety under Okawaru
  6874 | D:8      | Reached XP level 9. HP: 30/68 MP: 11/13
  7074 | D:8      | Noticed Joseph
  7117 | D:8      | Reached skill level 6 in Long Blades
  7136 | D:8      | Noticed Gastronok
  7146 | D:8      | Noticed a hippogriff
  7165 | D:8      | Killed Joseph
  7194 | D:9      | Killed a hippogriff
  7543 | D:10     | Entered Level 10 of the Dungeon
  7614 | D:8      | Noticed Prince Ribbit
  7638 | D:8      | Killed Prince Ribbit
  7638 | D:8      | Reached *** piety under Okawaru
  7784 | D:8      | Killed Gastronok
  7784 | D:8      | Reached **** piety under Okawaru
  7784 | D:8      | Received a gift from Okawaru
  7784 | D:8      | Reached skill level 8 in Long Blades
  7784 | D:8      | Reached skill level 10 in Shields
  7784 | D:8      | Reached XP level 10. HP: 32/74 MP: 14/16
  8423 | D:9      | Found a staircase to the Lair.
  8788 | Lair:1   | Entered Level 1 of the Lair of Beasts
  8866 | D:9      | Found Yhaangosu's Weapon Shop.
  9530 | D:6      | Reached skill level 9 in Long Blades
  9530 | D:6      | Reached skill level 10 in Invocations
  9640 | D:6      | Reached ***** piety under Okawaru
 10218 | D:7      | Reached XP level 11. HP: 74/79 MP: 18/18
 10710 | D:7      | Found Byd Zexu's Book Emporium.
 10722 | D:7      | Reached skill level 10 in Long Blades
 10813 | D:8      | Found a hide-covered altar of Uskayaw.
 10833 | D:8      | Found a white marble altar of Elyvilon.
 11023 | D:8      | Found a bloodstained altar of Trog.
 11907 | D:10     | Reached skill level 11 in Long Blades
 12431 | D:10     | Got a wavering granite ring
 12441 | D:10     | Identified the ring of the Death Scarab {*Tele rF+ Str-4
                  | Int+4} (You found it on level 10 of the Dungeon)
 12727 | D:11     | You fall into a shaft and drop 2 floors!
 13434 | D:13     | Noticed a centaur warrior
 13439 | D:13     | You fall into a shaft and drop 2 floors!
 13439 | D:15     | Entered Level 15 of the Dungeon
 13439 | D:15     | Noticed a rakshasa
 13449 | D:15     | Noticed a purple ugly thing
 13449 | D:15     | Mangled by a large slime creature

Levels and vault maps discovered:
D:1:      onia_arrival_pentagram, layout_basic, minmay_quantized
D:2:      layout_basic, grunt_temple_overflow_order_and_chaos_2,
          okawaru_altar_gauntlet_db
D:3:      layout_rooms, uniq_crazy_yiuf_cottage
D:4:      layout_basic, cheibrodos_sewer_entry_sluice, first_ration,
          uniq_sigmund, uniq_ijyb
D:5:      layout_loops_ring, nemelex_xobeh_ov_fountains_minmay,
          minmay_temple_entry_junction, serial_shops, shop_fountains
D:6:      layout_loops_ring, chequers_temple_overflow_statue_of_worship
D:7:      layout_basic, kennysheep_small_square
D:8:      layout_loops_ring, lemuel_doored_altar, elyvilon_altar_3, basic_altar,
          uniq_joseph, uniq_gastronok, uniq_prince_ribbit1
D:9:      layout_cave_pools, lair_entry_dummy, serial_glass, glass_columns_c,
          glass_columns_a, glass_columns_b, glass_columns_b, glass_columns_a,
          glass_columns_a, glass_columns_c, glass_columns_b, serial_shops, shop
D:10:     layout_small_grid, blue_anna_alchemist [blue_anna_fruit_fields,
          blue_anna_fruit_fields], onia_ninara_cookie
D:11:     layout_basic, orc_0_dummy, ebering_ghost_gozag
D:12:     layout_cave_pods, uniq_erolcha, uniq_jorgrun
D:13:     minmay_wizard_corner, layout_rooms,
          hangedman_vaults_entry_quadrant_bands
D:15:     gammafunk_enter_depths_forms, layout_loops_ring
Temple:   regret_index_temple_generic_petals
Lair:1:   layout_roguey

Skill      XL: |  1  2  3  4  5  6  7  8  9 10 11 |
---------------+----------------------------------+-----
Shields        | 4 5 6 7 10 | 10.2
Fighting       | 4 5 |  5.0
Armour         | 4 5 |  5.0
Long Blades    | 3 4 5 8 9 11 | 11.9
Invocations    | 1 2 3 5 9 10 | 10.0

Action                   |  1- 3 |  4- 6 |  7- 9 | 10-12 || total
-------------------------+-------+-------+-------+-------++-------
Melee: Long sword        |    75 |   231 |   104 |       ||   410
       Falchion          |       |       |   221 |   693 ||   914
Invok: Heroism           |       |       |     1 |     2 ||     3
       Finesse           |       |       |       |     2 ||     2
 Abil: Shaft Self        |       |       |       |     2 ||     2
Evoke: Wand              |       |       |    18 |     1 ||    19
  Use: Scroll            |       |     5 |     3 |     8 ||    16
       Potion            |       |     3 |     4 |     5 ||    12
  Eat: Chunk             |       |     8 |     7 |     9 ||    24
       Ration            |       |     1 |     2 |     4 ||     7
Armor: Scale mail        |    29 |   121 |    26 |       ||   176
       Skin              |       |     1 |       |       ||     1
       Chain mail        |       |       |    44 |       ||    44
       Plate armour      |       |       |    75 |   277 ||   352
Dodge: Dodged            |    16 |   107 |    67 |   171 ||   361
Block: Kite shield       |    33 |   176 |   178 |   403 ||   790
       Rpst.: Long sword |     6 |    35 |     6 |       ||    47
       Falchion          |       |       |    11 |    44 ||    55

Table legend:
 A = Non-vault XP
 B = Vault XP
 C = Vault XP percentage of total XP
 D = Non-vault monster count
 E = Vault monster count
 F = Vault count percentage of total count
                 A         B        C        D         E       F
            +---------+---------+-------+---------+---------+-------
      Total |    6985 |    5269 |  43.0 |     158 |      52 |  24.8
            +---------+---------+-------+---------+---------+-------
        D:1 |      46 |       5 |   9.8 |      16 |       4 |  20.0
        D:2 |     123 |      38 |  23.6 |      23 |       6 |  20.7
        D:3 |      80 |      51 |  38.9 |      14 |       3 |  17.6
        D:4 |     241 |      37 |  13.3 |      11 |       2 |  15.4
        D:5 |     287 |     227 |  44.2 |       4 |       1 |  20.0
        D:6 |     748 |       0 |   0.0 |      17 |       0 |   0.0
        D:7 |     964 |     248 |  20.5 |      17 |       3 |  15.0
        D:8 |    1248 |    2999 |  70.6 |      20 |       3 |  13.0
        D:9 |    1044 |       0 |   0.0 |      13 |       0 |   0.0
       D:10 |    1271 |    1523 |  54.5 |      15 |      21 |  58.3
       D:11 |       3 |       0 |   0.0 |       1 |       0 |   0.0
       D:13 |     930 |       0 |   0.0 |       7 |       0 |   0.0
      Sewer |       0 |     141 | 100.0 |       0 |       9 | 100.0
            +---------+---------+-------+---------+---------+-------
